3045 views
Uploaded 2020-01-06 20:10:25
Game version 1.32.0.4
26:54 long 3on3 ladder game on (6)GnollWood
Saved by BEARAND
3045 views
Uploaded 2020-01-06 20:10:25
Game version 1.32.0.4
26:54 long 3on3 ladder game on (6)GnollWood


69 units @ 6.9k
/ 0.4k
178 buildings @ 9.1k
/ 4.6k
iggythefisk
(27:00) : 


x1)
| Scroll of Regeneration | 3 | 300 |
| Mechanical Critter | 4 | 200 |
| Staff of Sanctuary | 3 | 750 |
| Orb of Fire | 3 | 975 |
| Boots of Speed | 3 | 750 |
| Staff of Teleportation | 3 | 450 |
| Tome of Retraining | 1 | 300 |
| Circlet of Nobility | 2 | 350 |
| Periapt of Vitality | 1 | 325 |
| total: | 23 | 4400g |
| Peasant | 24 | 1800 | / | 0 |
| Priest | 2 | 270 | / | 20 |
| total: | 26 | 2070g | / | 20w |
| Scout Tower | 49 | 1470 | / | 980 |
| Arcane Tower | 5 | 350 | / | 250 |
| Guard Tower | 29 | 2030 | / | 1450 |
| Altar of Kings | 1 | 180 | / | 50 |
| Farm | 4 | 320 | / | 80 |
| Lumber Mill | 1 | 120 | / | 0 |
| Town Hall | 1 | 385 | / | 205 |
| Arcane Vault | 3 | 390 | / | 90 |
| Arcane Sanctum | 1 | 150 | / | 140 |
| Keep | 1 | 320 | / | 210 |
| Castle | 1 | 360 | / | 210 |
| total: | 60 | 3015g | / | 1545w |
| 0:02 | Peasant |
| 0:04 | Altar of Kings |
| 0:12 | Peasant |
| 0:18 | Farm |
| 0:30 | Peasant |
| 0:33 | Lumber Mill |
| 0:34 | Peasant |
| 0:51 | Farm |
| 0:54 | Peasant |
| 1:09 | Peasant |
| 1:19 | Scout Tower |
| 1:23 | Peasant |
| 1:32 | Peasant |
| 1:38 | Improved Masonry |
| 1:46 | Arcane Tower |
| 1:51 | Scout Tower |
| 1:52 | Peasant |
| 1:54 | Peasant |
| 2:03 | Summon Water Elemental |
| 2:07 | Peasant |
| 2:12 | Peasant |
| 2:19 | Guard Tower |
| 2:21 | Scout Tower |
| 2:23 | Peasant |
| 2:37 | Peasant |
| 2:46 | Peasant |
| 2:48 | Guard Tower |
| 2:50 | Scout Tower |
| 3:03 | Peasant |
| 3:16 | Peasant |
| 3:23 | Brilliance Aura |
| 3:49 | Town Hall |
| 3:53 | Scout Tower |
| 3:54 | Scout Tower |
| 4:32 | Arcane Tower |
| 4:33 | Guard Tower |
| 4:34 | Scout Tower |
| 4:36 | Scout Tower |
| 4:48 | Scout Tower |
| 4:48 | Guard Tower |
| 4:52 | Scout Tower |
| 4:53 | Scout Tower |
| 5:00 | Farm |
| 5:06 | Guard Tower |
| 5:13 | Scroll of Regeneration |
| 5:15 | Mechanical Critter |
| 5:16 | Mechanical Critter |
| 5:27 | Scout Tower |
| 5:27 | Guard Tower |
| 5:33 | Scout Tower |
| 5:34 | Scout Tower |
| 5:34 | Scout Tower |
| 5:42 | Boots of Speed |
| 5:43 | Staff of Teleportation |
| 5:50 | Peasant |
| 5:50 | Peasant |
| 5:55 | Peasant |
| 6:16 | Scout Tower |
| 6:17 | Guard Tower |
| 6:18 | Scout Tower |
| 6:20 | Guard Tower |
| 6:21 | Peasant |
| 6:25 | Scout Tower |
| 6:32 | Scout Tower |
| 6:33 | Guard Tower |
| 6:40 | Scroll of Regeneration |
| 6:57 | Guard Tower |
| 6:58 | Scout Tower |
| 7:00 | Peasant |
| 7:11 | Scout Tower |
| 7:12 | Guard Tower |
| 7:33 | Keep |
| 7:35 | Peasant |
| 7:37 | Guard Tower |
| 7:39 | Scout Tower |
| 7:41 | Scout Tower |
| 7:41 | Scout Tower |
| 7:54 | Scout Tower |
| 7:54 | Guard Tower |
| 7:58 | Peasant |
| 8:05 | Scout Tower |
| 8:14 | Arcane Tower |
| 8:50 | Guard Tower |
| 8:52 | Scout Tower |
| 8:59 | Guard Tower |
| 9:07 | Arcane Vault |
| 9:12 | Arcane Vault |
| 9:16 | Scout Tower |
| 9:17 | Scout Tower |
| 9:19 | Guard Tower |
| 9:28 | Scout Tower |
| 9:40 | Guard Tower |
| 9:45 | Scout Tower |
| 9:45 | Scout Tower |
| 9:53 | Arcane Tower |
| 9:56 | Guard Tower |
| 10:10 | Scout Tower |
| 10:10 | Scout Tower |
| 10:18 | Advanced Masonry |
| 10:19 | Improved Lumber Harvesting |
| 10:49 | Guard Tower |
| 10:50 | Scout Tower |
| 10:59 | Guard Tower |
| 11:10 | Tome of Retraining |
| 11:10 | Retrain Hero |
| 11:12 | Blizzard |
| 11:12 | Brilliance Aura |
| 11:20 | Storm Bolt |
| 11:29 | Arcane Vault |
| 11:30 | Scout Tower |
| 11:31 | Scout Tower |
| 11:40 | Castle |
| 11:43 | Arcane Sanctum |
| 12:30 | Scroll of Regeneration |
| 12:32 | Mechanical Critter |
| 12:32 | Mechanical Critter |
| 12:44 | Guard Tower |
| 12:55 | Magic Sentry |
| 12:57 | Priest Adept Training |
| 12:57 | Priest |
| 13:09 | Boots of Speed |
| 13:13 | Circlet of Nobility |
| 13:34 | Guard Tower |
| 13:34 | Guard Tower |
| 13:48 | Staff of Teleportation |
| 13:49 | Boots of Speed |
| 13:59 | Farm |
| 14:03 | Staff of Sanctuary |
| 14:14 | Orb of Fire |
| 14:22 | Imbued Masonry |
| 15:14 | Staff of Teleportation |
| 15:48 | Holy Light |
| 15:49 | Staff of Sanctuary |
| 15:49 | Orb of Fire |
| 16:23 | Scout Tower |
| 16:24 | Scout Tower |
| 16:24 | Scout Tower |
| 16:26 | Staff of Sanctuary |
| 16:39 | Orb of Fire |
| 16:47 | Scout Tower |
| 16:48 | Scout Tower |
| 16:51 | Guard Tower |
| 18:10 | Guard Tower |
| 18:31 | Scout Tower |
| 18:31 | Scout Tower |
| 18:54 | Scout Tower |
| 19:00 | Periapt of Vitality |
| 19:01 | Circlet of Nobility |
| 19:36 | Guard Tower |
| 20:15 | Blizzard |
| 20:36 | Scout Tower |
| 22:21 | Arcane Tower |
| 22:23 | Scout Tower |
| 23:23 | Guard Tower |
| 24:19 | Priest |
| 24:56 | Scout Tower |
| 24:58 | Scout Tower |
| 25:43 | Bash |
| 26:50 | Guard Tower |
| Right click | 1610 |
| Select group | 955 |
| Assign group | 437 |
| Select | 370 |
| Chat | 192 |
| Build/train/purchase | 141 |
| Use ability | 69 |
| Resource trade | 62 |
| Misc. action | 19 |
| Item give/drop | 8 |
| Remove unit | 4 |
| Minimap ping | 1 |



| Scroll of Regeneration | 1 | 100 |
| Staff of Sanctuary | 3 | 750 |
| Orb of Fire | 2 | 650 |
| Staff of Teleportation | 3 | 450 |
| Boots of Speed | 4 | 1000 |
| Periapt of Vitality | 3 | 975 |
| Circlet of Nobility | 1 | 175 |
| total: | 17 | 4100g |
| Peasant | 16 | 1200 | / | 0 |
| Dragonhawk Rider | 5 | 1000 | / | 150 |
| Priest | 1 | 135 | / | 10 |
| Sorceress | 1 | 155 | / | 20 |
| total: | 23 | 2490g | / | 180w |
| Scout Tower | 56 | 1680 | / | 1120 |
| Arcane Tower | 8 | 560 | / | 400 |
| Guard Tower | 18 | 1260 | / | 900 |
| Altar of Kings | 1 | 180 | / | 50 |
| Farm | 6 | 480 | / | 120 |
| Lumber Mill | 1 | 120 | / | 0 |
| Arcane Vault | 4 | 520 | / | 120 |
| Blacksmith | 1 | 140 | / | 60 |
| Barracks | 1 | 160 | / | 60 |
| Arcane Sanctum | 1 | 150 | / | 140 |
| Gryphon Aviary | 1 | 140 | / | 150 |
| Keep | 1 | 320 | / | 210 |
| Castle | 1 | 360 | / | 210 |
| total: | 72 | 3570g | / | 1820w |
| 0:04 | Peasant |
| 0:04 | Peasant |
| 0:08 | Altar of Kings |
| 0:18 | Farm |
| 0:25 | Peasant |
| 0:34 | Peasant |
| 0:42 | Lumber Mill |
| 0:53 | Farm |
| 0:54 | Peasant |
| 0:58 | Scout Tower |
| 1:05 | Peasant |
| 1:17 | Peasant |
| 1:24 | Arcane Tower |
| 1:31 | Peasant |
| 1:35 | Peasant |
| 1:40 | Scout Tower |
| 1:43 | Peasant |
| 1:51 | Farm |
| 1:57 | Peasant |
| 2:08 | Blizzard |
| 2:10 | Peasant |
| 2:22 | Guard Tower |
| 2:23 | Scout Tower |
| 2:53 | Guard Tower |
| 2:55 | Scout Tower |
| 2:56 | Peasant |
| 2:56 | Peasant |
| 3:22 | Brilliance Aura |
| 3:30 | Guard Tower |
| 3:31 | Scout Tower |
| 3:33 | Peasant |
| 3:33 | Peasant |
| 3:54 | Staff of Teleportation |
| 3:54 | Boots of Speed |
| 4:04 | Guard Tower |
| 4:05 | Keep |
| 4:07 | Scout Tower |
| 4:34 | Scout Tower |
| 4:35 | Scout Tower |
| 4:35 | Scout Tower |
| 4:36 | Scout Tower |
| 4:38 | Improved Masonry |
| 4:39 | Guard Tower |
| 4:41 | Scout Tower |
| 4:43 | Scout Tower |
| 4:43 | Scout Tower |
| 5:03 | Farm |
| 5:13 | Arcane Vault |
| 5:24 | Guard Tower |
| 5:36 | Guard Tower |
| 6:07 | Guard Tower |
| 6:39 | Scroll of Regeneration |
| 6:47 | Castle |
| 7:54 | Arcane Sanctum |
| 7:55 | Farm |
| 7:57 | Improved Lumber Harvesting |
| 7:59 | Advanced Masonry |
| 8:22 | Storm Bolt |
| 8:35 | Blizzard |
| 8:50 | Arcane Vault |
| 8:51 | Arcane Vault |
| 8:53 | Gryphon Aviary |
| 8:56 | Blacksmith |
| 9:01 | Barracks |
| 9:08 | Arcane Vault |
| 9:16 | Staff of Sanctuary |
| 9:35 | Staff of Teleportation |
| 9:41 | Magic Sentry |
| 10:09 | Scout Tower |
| 10:10 | Scout Tower |
| 10:11 | Scout Tower |
| 10:11 | Scout Tower |
| 10:12 | Scout Tower |
| 10:12 | Scout Tower |
| 10:13 | Scout Tower |
| 10:14 | Scout Tower |
| 10:15 | Scout Tower |
| 10:15 | Scout Tower |
| 10:16 | Scout Tower |
| 10:22 | Imbued Masonry |
| 10:30 | Holy Light |
| 11:23 | Animal War Training |
| 11:26 | Dragonhawk Rider |
| 11:26 | Dragonhawk Rider |
| 11:33 | Farm |
| 11:36 | Priest |
| 12:33 | Scout Tower |
| 12:34 | Scout Tower |
| 12:35 | Scout Tower |
| 12:35 | Scout Tower |
| 12:39 | Studded Leather Armor |
| 12:43 | Dragonhawk Rider |
| 12:48 | Staff of Sanctuary |
| 12:52 | Staff of Sanctuary |
| 12:55 | Guard Tower |
| 13:08 | Scout Tower |
| 13:09 | Scout Tower |
| 13:10 | Scout Tower |
| 13:11 | Scout Tower |
| 13:23 | Arcane Tower |
| 13:25 | Arcane Tower |
| 13:41 | Arcane Tower |
| 13:45 | Guard Tower |
| 13:52 | Arcane Tower |
| 13:59 | Guard Tower |
| 14:24 | Boots of Speed |
| 14:24 | Boots of Speed |
| 14:59 | Boots of Speed |
| 15:21 | Arcane Tower |
| 15:22 | Guard Tower |
| 15:29 | Dragonhawk Rider |
| 15:32 | Reinforced Leather Armor |
| 15:47 | Scout Tower |
| 15:48 | Scout Tower |
| 15:49 | Scout Tower |
| 15:53 | Scout Tower |
| 15:54 | Scout Tower |
| 15:55 | Scout Tower |
| 15:55 | Scout Tower |
| 15:56 | Scout Tower |
| 15:57 | Scout Tower |
| 15:58 | Scout Tower |
| 15:59 | Scout Tower |
| 16:01 | Scout Tower |
| 16:18 | Staff of Teleportation |
| 16:19 | Periapt of Vitality |
| 16:36 | Scout Tower |
| 16:58 | Sorceress |
| 16:59 | Sorceress Adept Training |
| 17:00 | Priest Adept Training |
| 17:03 | Guard Tower |
| 17:37 | Guard Tower |
| 17:39 | Guard Tower |
| 18:37 | Sorceress Master Training |
| 19:10 | Guard Tower |
| 19:18 | Orb of Fire |
| 19:19 | Orb of Fire |
| 19:50 | Guard Tower |
| 19:54 | Arcane Tower |
| 20:14 | Circlet of Nobility |
| 20:16 | Periapt of Vitality |
| 20:48 | Guard Tower |
| 22:57 | Divine Shield |
| 23:18 | Bash |
| 24:13 | Dragonhawk Rider |
| 24:14 | Priest Master Training |
| 24:28 | Scout Tower |
| 24:29 | Scout Tower |
| 24:30 | Scout Tower |
| 24:30 | Scout Tower |
| 24:31 | Scout Tower |
| 24:31 | Scout Tower |
| 24:35 | Scout Tower |
| 24:36 | Scout Tower |
| 24:36 | Scout Tower |
| 24:37 | Scout Tower |
| 24:37 | Scout Tower |
| 24:46 | Dragonhide Armor |
| 24:47 | Iron Forged Swords |
| 25:07 | Periapt of Vitality |
| Right click | 1995 |
| Select group | 1610 |
| Select | 264 |
| Build/train/purchase | 125 |
| Use ability | 108 |
| Misc. action | 45 |
| Chat | 21 |
| Assign group | 18 |
| Minimap ping | 13 |
| Resource trade | 4 |
| Item give/drop | 3 |
| Esc | 3 |



| Scroll of Regeneration | 1 | 100 |
| Staff of Sanctuary | 3 | 750 |
| Orb of Fire | 2 | 650 |
| Potion of Mana | 2 | 400 |
| Periapt of Vitality | 1 | 325 |
| Boots of Speed | 3 | 750 |
| Staff of Teleportation | 3 | 450 |
| total: | 15 | 3425g |
| Peasant | 13 | 975 | / | 0 |
| Priest | 1 | 135 | / | 10 |
| Dragonhawk Rider | 6 | 1200 | / | 180 |
| total: | 20 | 2310g | / | 190w |
| Scout Tower | 32 | 960 | / | 640 |
| Arcane Tower | 5 | 350 | / | 250 |
| Guard Tower | 24 | 1680 | / | 1200 |
| Altar of Kings | 1 | 180 | / | 50 |
| Farm | 7 | 560 | / | 140 |
| Lumber Mill | 1 | 120 | / | 0 |
| Arcane Vault | 1 | 130 | / | 30 |
| Blacksmith | 1 | 140 | / | 60 |
| Barracks | 1 | 160 | / | 60 |
| Arcane Sanctum | 1 | 150 | / | 140 |
| Gryphon Aviary | 1 | 140 | / | 150 |
| Keep | 2 | 640 | / | 420 |
| Castle | 1 | 360 | / | 210 |
| total: | 46 | 2540g | / | 1270w |
| 0:02 | Peasant |
| 0:02 | Peasant |
| 0:08 | Altar of Kings |
| 0:19 | Farm |
| 0:36 | Peasant |
| 0:36 | Peasant |
| 0:36 | Peasant |
| 0:39 | Farm |
| 0:41 | Scout Tower |
| 0:45 | Peasant |
| 1:01 | Peasant |
| 1:08 | Lumber Mill |
| 1:16 | Peasant |
| 1:27 | Scout Tower |
| 1:30 | Peasant |
| 1:36 | Arcane Tower |
| 1:44 | Peasant |
| 1:54 | Scout Tower |
| 1:59 | Peasant |
| 2:00 | Peasant |
| 2:07 | Blizzard |
| 2:11 | Guard Tower |
| 2:25 | Scout Tower |
| 2:50 | Guard Tower |
| 2:55 | Improved Masonry |
| 2:57 | Scout Tower |
| 2:58 | Peasant |
| 3:17 | Periapt of Vitality |
| 3:27 | Brilliance Aura |
| 3:36 | Guard Tower |
| 3:47 | Keep |
| 4:03 | Arcane Vault |
| 4:13 | Farm |
| 4:27 | Scout Tower |
| 4:28 | Scout Tower |
| 4:43 | Scroll of Regeneration |
| 5:00 | Guard Tower |
| 5:02 | Scout Tower |
| 5:03 | Scout Tower |
| 5:03 | Scout Tower |
| 5:04 | Scout Tower |
| 6:09 | Guard Tower |
| 6:09 | Guard Tower |
| 6:17 | Castle |
| 6:40 | Guard Tower |
| 6:46 | Guard Tower |
| 6:50 | Arcane Sanctum |
| 6:53 | Farm |
| 7:07 | Advanced Masonry |
| 7:16 | Scout Tower |
| 7:30 | Improved Lumber Harvesting |
| 7:31 | Guard Tower |
| 7:49 | Guard Tower |
| 7:50 | Scout Tower |
| 7:51 | Scout Tower |
| 7:51 | Scout Tower |
| 7:51 | Scout Tower |
| 8:14 | Storm Bolt |
| 8:35 | Boots of Speed |
| 8:39 | Staff of Teleportation |
| 8:51 | Boots of Speed |
| 9:11 | Staff of Teleportation |
| 9:48 | Guard Tower |
| 10:02 | Staff of Sanctuary |
| 10:09 | Priest |
| 10:10 | Magic Sentry |
| 11:13 | Orb of Fire |
| 11:18 | Gryphon Aviary |
| 11:24 | Blacksmith |
| 11:31 | Holy Light |
| 11:53 | Staff of Teleportation |
| 11:55 | Boots of Speed |
| 12:19 | Blizzard |
| 12:37 | Staff of Sanctuary |
| 12:58 | Farm |
| 12:59 | Farm |
| 13:00 | Farm |
| 13:00 | Imbued Masonry |
| 13:02 | Advanced Lumber Harvesting |
| 13:03 | Scout Tower |
| 13:04 | Scout Tower |
| 13:05 | Scout Tower |
| 13:05 | Scout Tower |
| 13:06 | Scout Tower |
| 13:06 | Scout Tower |
| 13:09 | Scout Tower |
| 13:09 | Scout Tower |
| 13:10 | Scout Tower |
| 13:10 | Scout Tower |
| 13:11 | Scout Tower |
| 13:12 | Scout Tower |
| 13:13 | Scout Tower |
| 13:14 | Scout Tower |
| 13:36 | Dragonhawk Rider |
| 13:39 | Priest Adept Training |
| 14:18 | Dragonhawk Rider |
| 14:18 | Dragonhawk Rider |
| 14:24 | Guard Tower |
| 14:30 | Arcane Tower |
| 14:41 | Arcane Tower |
| 14:56 | Arcane Tower |
| 14:57 | Guard Tower |
| 14:58 | Guard Tower |
| 15:19 | Barracks |
| 15:41 | Dragonhawk Rider |
| 15:45 | Studded Leather Armor |
| 16:21 | Staff of Sanctuary |
| 16:22 | Orb of Fire |
| 16:46 | Guard Tower |
| 16:47 | Guard Tower |
| 16:47 | Guard Tower |
| 16:56 | Guard Tower |
| 17:28 | Guard Tower |
| 18:10 | Animal War Training |
| 18:11 | Reinforced Leather Armor |
| 18:16 | Iron Forged Swords |
| 18:20 | Dragonhawk Rider |
| 19:25 | Dragonhawk Rider |
| 20:24 | Bash |
| 20:27 | Scout Tower |
| 20:30 | Scout Tower |
| 22:18 | Guard Tower |
| 24:02 | Divine Shield |
| 26:27 | Potion of Mana |
| 26:27 | Potion of Mana |
| 26:51 | Storm Bolt |
| Right click | 2249 |
| Select | 689 |
| Select group | 344 |
| Build/train/purchase | 118 |
| Use ability | 112 |
| Chat | 51 |
| Assign group | 23 |
| Misc. action | 8 |
| Minimap ping | 8 |
| Item give/drop | 6 |
| Remove unit | 1 |
133 units @ 19.3k
/ 3.1k
79 buildings @ 9k
/ 4.2k


| Scroll of Regeneration | 3 | 300 |
| Lesser Clarity Potion | 1 | 70 |
| total: | 4 | 370g |
| Peasant | 17 | 1275 | / | 0 |
| Rifleman | 6 | 1230 | / | 180 |
| Mortar Team | 7 | 1260 | / | 490 |
| Dragonhawk Rider | 4 | 800 | / | 120 |
| total: | 34 | 4565g | / | 790w |
| Scout Tower | 15 | 450 | / | 300 |
| Guard Tower | 7 | 490 | / | 350 |
| Arcane Tower | 2 | 140 | / | 100 |
| Blacksmith | 1 | 140 | / | 60 |
| Barracks | 1 | 160 | / | 60 |
| Altar of Kings | 1 | 180 | / | 50 |
| Farm | 9 | 720 | / | 180 |
| Arcane Vault | 1 | 130 | / | 30 |
| Lumber Mill | 1 | 120 | / | 0 |
| Town Hall | 2 | 770 | / | 410 |
| Workshop | 4 | 560 | / | 560 |
| Gryphon Aviary | 1 | 140 | / | 150 |
| Keep | 1 | 320 | / | 210 |
| Castle | 1 | 360 | / | 210 |
| total: | 36 | 3370g | / | 1800w |
| 0:02 | Peasant |
| 0:03 | Peasant |
| 0:26 | Blacksmith |
| 0:36 | Barracks |
| 0:44 | Altar of Kings |
| 1:00 | Farm |
| 1:04 | Peasant |
| 1:15 | Peasant |
| 1:37 | Farm |
| 1:52 | Peasant |
| 2:01 | Rifleman |
| 2:23 | Rifleman |
| 2:27 | Farm |
| 2:39 | Arcane Vault |
| 2:59 | Rifleman |
| 3:05 | Storm Bolt |
| 3:19 | Rifleman |
| 3:28 | Farm |
| 3:43 | Peasant |
| 3:45 | Peasant |
| 4:35 | Keep |
| 4:39 | Rifleman |
| 4:46 | Scroll of Regeneration |
| 4:52 | Lesser Clarity Potion |
| 5:08 | Lumber Mill |
| 5:31 | Farm |
| 5:54 | Scout Tower |
| 5:58 | Scout Tower |
| 6:09 | Thunder Clap |
| 6:22 | Scout Tower |
| 6:27 | Guard Tower |
| 6:30 | Guard Tower |
| 6:36 | Scroll of Regeneration |
| 7:50 | Workshop |
| 7:54 | Workshop |
| 7:58 | Workshop |
| 8:08 | Arcane Tower |
| 8:31 | Frost Arrows |
| 8:38 | Storm Bolt |
| 8:58 | Farm |
| 9:14 | Farm |
| 9:16 | Improved Lumber Harvesting |
| 9:31 | Mortar Team |
| 9:32 | Mortar Team |
| 9:33 | Mortar Team |
| 9:56 | Peasant |
| 9:56 | Peasant |
| 10:05 | Town Hall |
| 10:33 | Mortar Team |
| 10:36 | Farm |
| 11:04 | Scout Tower |
| 11:06 | Scout Tower |
| 11:08 | Scout Tower |
| 11:13 | Scout Tower |
| 11:24 | Flare |
| 11:27 | Improved Masonry |
| 11:32 | Scout Tower |
| 11:35 | Scout Tower |
| 11:40 | Guard Tower |
| 11:43 | Arcane Tower |
| 11:44 | Guard Tower |
| 12:26 | Town Hall |
| 12:31 | Guard Tower |
| 12:40 | Mortar Team |
| 12:53 | Forked Lightning |
| 13:45 | Long Rifles |
| 13:46 | Rifleman |
| 13:49 | Black Gunpowder |
| 14:12 | Peasant |
| 14:12 | Peasant |
| 14:34 | Castle |
| 14:42 | Scout Tower |
| 14:45 | Scout Tower |
| 14:50 | Scout Tower |
| 14:55 | Scout Tower |
| 15:50 | Guard Tower |
| 15:53 | Advanced Masonry |
| 16:06 | Peasant |
| 16:06 | Peasant |
| 16:13 | Peasant |
| 16:13 | Peasant |
| 16:22 | Scout Tower |
| 16:25 | Scout Tower |
| 16:59 | Studded Leather Armor |
| 17:08 | Guard Tower |
| 17:15 | Imbued Masonry |
| 17:42 | Fragmentation Shards |
| 17:43 | Mortar Team |
| 18:10 | Workshop |
| 18:18 | Gryphon Aviary |
| 18:52 | Refined Gunpowder |
| 20:00 | Cloud |
| 20:00 | Dragonhawk Rider |
| 20:00 | Dragonhawk Rider |
| 20:35 | Dragonhawk Rider |
| 20:38 | Farm |
| 20:41 | Mortar Team |
| 21:32 | Reinforced Leather Armor |
| 21:44 | Dragonhawk Rider |
| 23:03 | Peasant |
| 23:03 | Peasant |
| 23:53 | Thunder Clap |
| 25:22 | Scroll of Regeneration |
| Right click | 1411 |
| Select group | 1207 |
| Select | 447 |
| Build/train/purchase | 82 |
| Use ability | 41 |
| Assign group | 15 |
| Misc. action | 15 |
| Chat | 8 |
| Resource trade | 5 |
| Remove unit | 3 |
| Esc | 2 |
| Minimap ping | 1 |


| Potion of Lesser Invulnerability | 1 | 150 |
| total: | 1 | 150g |
| Wisp | 13 | 780 | / | 0 |
| Huntress | 10 | 1950 | / | 200 |
| Dryad | 4 | 580 | / | 240 |
| Chimaera | 8 | 2640 | / | 560 |
| total: | 35 | 5950g | / | 1000w |
| Ancient Protector | 3 | 405 | / | 240 |
| Altar of Elders | 1 | 180 | / | 50 |
| Moon Well | 8 | 1440 | / | 320 |
| Hunter's Hall | 1 | 210 | / | 100 |
| Ancient of War | 1 | 150 | / | 60 |
| Ancient of Wonders | 1 | 90 | / | 30 |
| Ancient of Lore | 1 | 155 | / | 145 |
| Chimaera Roost | 2 | 280 | / | 380 |
| Tree of Ages | 1 | 320 | / | 180 |
| Tree of Eternity | 1 | 330 | / | 200 |
| total: | 18 | 2910g | / | 1325w |
| 0:04 | Wisp |
| 0:04 | Wisp |
| 0:06 | Altar of Elders |
| 0:20 | Moon Well |
| 0:23 | Wisp |
| 0:38 | Wisp |
| 0:39 | Wisp |
| 0:55 | Wisp |
| 0:55 | Wisp |
| 1:25 | Hunter's Hall |
| 1:29 | Wisp |
| 1:37 | Wisp |
| 1:37 | Wisp |
| 2:11 | Ancient of War |
| 2:15 | Entangling Roots |
| 2:29 | Moon Well |
| 2:47 | Ancient of Wonders |
| 3:25 | Moon Well |
| 3:28 | Huntress |
| 3:28 | Huntress |
| 3:35 | Tree of Ages |
| 3:46 | Ancient Protector |
| 3:59 | Huntress |
| 4:39 | Moon Well |
| 4:44 | Huntress |
| 5:27 | Ultravision |
| 5:30 | Thorns Aura |
| 6:16 | Moon Glaive |
| 6:16 | Huntress |
| 6:16 | Huntress |
| 6:19 | Wisp |
| 6:19 | Wisp |
| 6:19 | Wisp |
| 6:27 | Ancient of Lore |
| 6:54 | Huntress |
| 7:14 | Huntress |
| 7:40 | Strength of the Moon |
| 7:47 | Moon Well |
| 7:49 | Abolish Magic |
| 8:00 | Trueshot Aura |
| 8:12 | Dryad |
| 8:12 | Dryad |
| 8:22 | Moon Well |
| 9:03 | Huntress |
| 9:03 | Huntress |
| 9:55 | Dryad |
| 9:56 | Dryad |
| 11:04 | Tree of Eternity |
| 11:31 | Ancient Protector |
| 11:34 | Ancient Protector |
| 12:10 | Entangling Roots |
| 12:44 | Improved Strength of the Moon |
| 13:41 | Searing Arrows |
| 13:51 | Chimaera Roost |
| 13:55 | Well Spring |
| 13:57 | Moon Armor |
| 15:26 | Corrosive Breath |
| 15:35 | Chimaera Roost |
| 16:17 | Advanced Strength of the Moon |
| 16:19 | Chimaera |
| 16:19 | Chimaera |
| 16:20 | Chimaera |
| 16:20 | Chimaera |
| 17:18 | Chimaera |
| 17:56 | Chimaera |
| 18:13 | Strength of the Wild |
| 18:58 | Reinforced Hides |
| 19:42 | Moon Well |
| 20:10 | Moon Well |
| 20:32 | Chimaera |
| 20:45 | Potion of Lesser Invulnerability |
| 21:20 | Chimaera |
| 21:24 | Improved Strength of the Wild |
| 24:32 | Advanced Strength of the Wild |
| 24:33 | Improved Reinforced Hides |
| Right click | 925 |
| Select | 272 |
| Select group | 267 |
| Build/train/purchase | 67 |
| Chat | 43 |
| Assign group | 24 |
| Use ability | 24 |
| Misc. action | 6 |
| Resource trade | 6 |
| Minimap ping | 4 |
| Remove unit | 1 |

| Peasant | 23 | 1725 | / | 0 |
| Footman | 13 | 1755 | / | 0 |
| Spell Breaker | 4 | 860 | / | 120 |
| Rifleman | 10 | 2050 | / | 300 |
| Mortar Team | 12 | 2160 | / | 840 |
| Priest | 2 | 270 | / | 20 |
| total: | 64 | 8820g | / | 1280w |
| Scout Tower | 4 | 120 | / | 80 |
| Guard Tower | 4 | 280 | / | 200 |
| Altar of Kings | 1 | 180 | / | 50 |
| Farm | 11 | 880 | / | 220 |
| Barracks | 2 | 320 | / | 120 |
| Lumber Mill | 2 | 240 | / | 0 |
| Town Hall | 1 | 385 | / | 205 |
| Arcane Vault | 1 | 130 | / | 30 |
| Blacksmith | 1 | 140 | / | 60 |
| Arcane Sanctum | 1 | 150 | / | 140 |
| Workshop | 1 | 140 | / | 140 |
| Keep | 1 | 320 | / | 210 |
| total: | 25 | 2685g | / | 1045w |
| 0:07 | Peasant |
| 0:07 | Peasant |
| 0:08 | Peasant |
| 0:26 | Altar of Kings |
| 0:34 | Farm |
| 0:47 | Peasant |
| 0:56 | Barracks |
| 1:16 | Farm |
| 1:22 | Peasant |
| 1:22 | Peasant |
| 1:22 | Peasant |
| 1:53 | Farm |
| 2:06 | Footman |
| 2:07 | Footman |
| 3:04 | Footman |
| 3:05 | Footman |
| 3:09 | Summon Water Elemental |
| 3:46 | Keep |
| 4:41 | Footman |
| 4:41 | Footman |
| 4:41 | Footman |
| 4:41 | Footman |
| 4:41 | Footman |
| 4:49 | Farm |
| 4:54 | Farm |
| 5:31 | Brilliance Aura |
| 6:22 | Footman |
| 6:22 | Footman |
| 6:40 | Arcane Sanctum |
| 6:47 | Peasant |
| 6:47 | Peasant |
| 6:48 | Peasant |
| 6:52 | Lumber Mill |
| 7:10 | Town Hall |
| 8:12 | Arcane Vault |
| 8:22 | Footman |
| 8:22 | Footman |
| 9:33 | Spell Breaker |
| 9:33 | Spell Breaker |
| 9:33 | Spell Breaker |
| 9:33 | Spell Breaker |
| 9:38 | Lumber Mill |
| 9:46 | Blacksmith |
| 9:59 | Farm |
| 10:03 | Farm |
| 10:30 | Summon Water Elemental |
| 11:33 | Workshop |
| 11:41 | Barracks |
| 11:43 | Rifleman |
| 11:44 | Rifleman |
| 11:44 | Rifleman |
| 11:44 | Rifleman |
| 11:44 | Rifleman |
| 11:44 | Rifleman |
| 12:27 | Farm |
| 12:54 | Mortar Team |
| 12:54 | Mortar Team |
| 13:20 | Scout Tower |
| 13:45 | Rifleman |
| 14:00 | Scout Tower |
| 14:07 | Peasant |
| 14:07 | Peasant |
| 14:10 | Black Gunpowder |
| 14:36 | Guard Tower |
| 14:53 | Priest |
| 14:53 | Priest |
| 14:58 | Mortar Team |
| 15:11 | Peasant |
| 15:11 | Peasant |
| 15:11 | Peasant |
| 15:12 | Peasant |
| 15:29 | Guard Tower |
| 15:34 | Farm |
| 15:50 | Peasant |
| 15:51 | Peasant |
| 16:26 | Farm |
| 16:32 | Mortar Team |
| 16:32 | Mortar Team |
| 16:32 | Mortar Team |
| 16:59 | Scout Tower |
| 17:03 | Farm |
| 18:03 | Mortar Team |
| 18:03 | Mortar Team |
| 18:52 | Guard Tower |
| 18:58 | Scout Tower |
| 21:29 | Guard Tower |
| 22:09 | Mortar Team |
| 22:09 | Mortar Team |
| 22:09 | Mortar Team |
| 22:09 | Mortar Team |
| 22:11 | Rifleman |
| 22:11 | Rifleman |
| 22:11 | Rifleman |
| 22:41 | Peasant |
| 22:41 | Peasant |
| 22:41 | Peasant |
| 22:41 | Peasant |
| 22:41 | Peasant |
| 23:05 | Studded Leather Armor |
| Right click | 1391 |
| Select | 375 |
| Build/train/purchase | 85 |
| Chat | 53 |
| Misc. action | 5 |
| Esc | 2 |
| Minimap ping | 2 |
| Use ability | 1 |
| Remove unit | 1 |
⇛